AoeStats
← VastStarling392

Nomad

509681337Analyzed
2v2 RM · 5d ago on Sep 27, 2026· 107m 54s· 4 players
Game mode
Random Map
Map size
176×176
Population
200
Speed
Normal
Resources
Standard
Victory
Conquest
Starting age
Dark Age
Ending age
Imperial Age
RankedLock teamsTeams togetherTeam positionsShared explorationLock speedFull tech treeHidden civsTurbo modeCheats
Victory
Defeat
🇨🇿 Khmer · Czechia
944
+14
🇨🇿 Franks · Czechia
923
+15
🇪🇸 Italians · Spain
927
-15
🇮🇹 Huns · Italy
894
-14
222fede222
15:14 Feudal Age
16:22 Double-Bit Axe
16:53 Horse Collar
20:34 Castle Age
19:14 Gold Mining
21:53 Bow Saw
22:10 Fletching
22:21 Padded Archer Armor
22:35 Forging
23:10 Thumb Ring
28:13 Gold Shaft Mining
27:29 Stone Mining
28:49 Bodkin Arrow
36:14 Leather Archer Armor
36:35 Iron Casting
39:18 Loom
40:27 Town Watch
41:36 Wheelbarrow
41:39 Pikeman
46:08 Husbandry
47:16 Scale Barding Armor
50:47 Imperial Age
51:05 Cavalier
53:09 Chain Barding Armor
57:22 Plate Barding Armor
57:57 Blast Furnace
60:15 Paladin
61:50 Capped Ram
bene_solar
13:19 Feudal Age
16:19 Wheelbarrow
16:15 Double-Bit Axe
17:16 Fishing Lines
21:15 Castle Age
22:11 Loom
22:42 Hand Cart
26:02 Fletching
27:45 Bow Saw
27:50 Padded Archer Armor
30:34 Bodkin Arrow
33:54 Stone Mining
38:54 Imperial Age
38:49 Leather Archer Armor
38:37 Gold Mining
42:11 Chemistry
41:32 Ballistics
41:49 Bracer
42:20 Ring Archer Armor
44:55 Conscription
50:23 Husbandry
50:14 Cavalier
55:02 Scale Barding Armor
54:57 Scale Mail Armor
69:47 Elite Genoese Crossbowman
70:58 Chain Barding Armor
71:35 Bloodlines
70:46 Light Cavalry
73:27 Pikeman
80:13 Chain Mail Armor
80:08 Forging
86:33 Bombard Tower
85:56 Treadmill Crane
100:23 Elite Genoese Crossbowman
105:43 Elite Skirmisher
106:29 Thumb Ring
VastStarling392
15:32 Feudal Age
15:58 Double-Bit Axe
17:32 Wheelbarrow
19:57 Castle Age
19:05 Fishing Lines
20:18 Bloodlines
21:25 Medium Warships
21:15 Gillnets
20:53 Light Cavalry
23:26 Hand Cart
24:34 Forging
24:30 Scale Barding Armor
23:48 Pikeman
24:31 Gold Mining
24:31 Stone Mining
26:00 Bow Saw
28:48 Stone Shaft Mining
28:06 Loom
30:19 Hand Cart
29:49 Elite Skirmisher
33:13 Gold Shaft Mining
34:07 Fletching
34:18 Padded Archer Armor
36:42 Ballistics
36:18 Murder Holes
42:44 Imperial Age
41:50 Masonry
41:39 Bodkin Arrow
42:05 Chain Barding Armor
42:21 Iron Casting
41:47 Scale Mail Armor
43:09 Leather Archer Armor
43:50 Coinage
43:12 Cavalier
44:41 Heavy Scorpion
47:00 Double Crossbow
47:34 Capped Ram
51:51 Halberdier
63:19 Horse Collar
65:15 Conscription
70:26 Heavy Plow
71:17 Hussar
79:28 Elite Ballista Elephant
82:19 Scale Mail Armor
83:55 Tusk Swords
88:26 Elite Battle Elephant
91:28 Plate Barding Armor
106:03 Hoardings
107:33 Husbandry
niqca123
14:53 Feudal Age
15:19 Double-Bit Axe
21:15 Castle Age
19:59 Gold Mining
25:45 Fletching
32:46 Scale Barding Armor
33:57 Forging
36:55 Bodkin Arrow
40:45 Imperial Age
40:26 Wheelbarrow
42:30 Chemistry
54:15 Pikeman
71:27 Murder Holes
89:37 Town Watch
99:59 Light Cavalry
Connection lost

Rejoining the realm…

Still unreachable

The connection could not be restored.

Session expired

The server has moved on; the page needs a fresh start.